cohdb
Replays
Latest Replays
All Replays
Popular Replays
Top Player Replays
Match Explorer
How It Works
Community
CoH3 Stats
Reddit
Sign in to upload your games and track your stats! →
Sign in with Steam
Match 31402404
Unlisted
Match 31402404
Overview
Messages
Build Orders
End
Engineer Squad
Construct Barracks
Selects Armored Battlegroup
Selects Veteran Crews
Riflemen Squad
Riflemen Squad
Riflemen Squad
Infantry Support Center
Construct Medical Station
Selects Fast Deploy
Construct Motor Pool
Selects M8 Scott SPG
M8 Scott SPG
Riflemen Squad
M1918 Browning Automatic Rifles
Riflemen Squad
Selects UNKNOWN (2160077)
Grenade Package
Construct Tank Depot
Selects Field Repairs
Selects War Machine
M1 Anti-tank Gun Team
M4A3E8 Sherman Easy Eight
UMirinBrah?
Treadz
0
0
Comments
sign in to comment!
No comments posted yet!